 Dungeon Crawl Stone Soup version 0.27-a0-1325-g58a489ad9e (webtiles) character file.

Game seed: 17186806674921534195

94 Nattfarinn the Insei (level 4, -3/28 HPs)
             Began as an Octopode Transmuter on June 24, 2021.
             Slain by Terence (7 damage)
             ... on level 3 of the Dungeon.
             The game lasted 00:03:59 (2456 turns).

Nattfarinn the Insei (Octopode Transmuter)          Turns: 2456, Time: 00:03:59

Health: -3/28      AC:  1    Str:  9    XL:     4   Next: 63%
Magic:  6/8        EV: 13    Int: 16    God:
Gold:   118        SH:  5    Dex: 12    Spells: 4/8 levels left

rFire    . . .     SeeInvis .     - Unarmed
rCold    . . .     Faith    .   (no shield)
rNeg     . . .     Spirit   .   (helmet restricted)
rPois    .         Reflect  +   b - amulet of reflection
rElec    .         Harm     .   g - ring of wizardry
rCorr    .         Rampage  .   (no ring)
Will     .....                  (no ring)
Stlth    ++........             (no ring)
HPRegen  0.09/turn              (no ring)
MPRegen  0.11/turn              (no ring)
                                (no ring)
                                (no ring)

@: no status effects
A: almost no armour, amphibious, 8 rings, camouflage 1, gelatinous body 1,
(nimble swimmer 1), tentacles
a: no special abilities


You were on level 3 of the Dungeon.
You visited 1 branch of the dungeon, and saw 3 of its levels.

You collected 118 gold pieces.

Inventory:

Jewellery
 b - an amulet of reflection (around mantle)
 g - a ring of wizardry (left tentacle)
Scrolls
 a - 2 scrolls of identify {unknown}
 f - a scroll of noise {unknown}
 h - a scroll of enchant weapon {unknown}
Potions
 c - 2 potions of attraction {unknown}
 d - 2 potions of curing {unknown}
 e - a potion of ambrosia {unknown}


   Skills:
 - Level 1.0 Fighting
 - Level 2.0 Dodging
 * Level 4.3 Unarmed Combat
 + Level 2.7 Spellcasting
 + Level 2.8 Transmutations


You had 4 spell levels left.
You knew the following spells:

 Your Spells              Type           Power      Damage    Failure   Level
a - Beastly Appendage     Tmut           22%        N/A       2%          1
b - Spider Form           Tmut/Pois      3%         N/A       13%         3

Your spell library contained the following spells:

 Spells                   Type           Power      Damage    Failure   Level
 Wereblood                Tmut           11%        N/A       3%          2
 Ice Form                 Ice/Tmut       6%         N/A       38%         4


Dungeon Overview and Level Annotations

Branches:
Dungeon (3/15)

Altars:

Annotations:
D:3 Sigmund, Terence


Innate Abilities, Weirdness & Mutations

You cannot wear most types of armour.
You are amphibious.
You can wear up to eight rings at the same time.
Your skin changes colour to match your surroundings (Stealth+).
Your rubbery body absorbs attacks. (AC +1, EV +1)
((You are camouflaged near water. (Stealth+)))
You have tentacles for arms and can constrict up to eight enemies at once.


Message History

There is a stone staircase leading up here.
An orc and Sigmund come into view.
Found a scroll labelled KUPHUO WYRIM.
Found a stone staircase leading up.
There is a stone staircase leading up here.
You see here an iguana corpse.
Found a buckler.
Terence and a dart slug come into view.
Terence is wielding a +0 trident and wearing a +4 scale mail of poison resistance.
You tentacle-slap the dart slug. You grab the dart slug.
The dart slug is heavily wounded.
You constrict the dart slug. You block the dart slug's attack.
You tentacle-slap the dart slug.
The dart slug is severely wounded.
You constrict the dart slug. The dart slug bites you.
You tentacle-slap the dart slug. You squeeze the dart slug.
You kill the dart slug!
You start resting.
HP restored.
Terence shouts!
Casting: Beastly Appendage (safe; 2% risk of failure)
Confirm with . or Enter, or press ? or * to list all spells.
The spell is quite dangerous to cast (13% risk of failure)!
Continue anyway?
You turn into a venomous arachnid creature.
Your transformation is almost over.
Terence misses you.
You barely miss Terence. Terence hits you with a +0 trident!
You hit Terence but do no damage. Terence hits you with a +0 trident!
Unknown command.
You hit Terence but do no damage. Terence barely misses you.
You hit Terence but do no damage. You block Terence's attack.
You barely miss Terence. You block Terence's attack.
You hit Terence but do no damage. Terence hits you with a +0 trident!
* * * LOW HITPOINT WARNING * * *
You barely miss Terence. Terence barely misses you.
You hit Terence but do no damage. You hit Terence.
Terence is moderately wounded.
Your transformation has ended.
Terence hits you with a +0 trident!
You die...

.. ... ..........# #.
#.# .........# #.##.#
#.#.....# #..#.#
.......# .#
##.#.#######.#.....###.#
...........#...........#
##.#.#####.#.###......#
...#.#####.#...#@..[..#
...#.#...#.#.#.#@.....#
...#.#...#.#.#.#......#
...#.#...#.#..(#......#
..<..#....<†..........#
..####...#.#..#########
#...#.#.<...#
#####.#..##.#
#.#..##.####
#..........#


You could see Terence.

Vanquished Creatures
  An iguana (D:3)
  2 adders (D:2)
  A worm (D:2)
  3 dart slugs
  4 endoplasms
  4 giant cockroaches
  4 goblins
  3 hobgoblins (D:2)
  2 quokkas (D:2)
  6 ball pythons
  4 bats
  A frilled lizard (D:2)
  3 kobolds
  4 rats
42 creatures vanquished.

Notes
Turn   | Place    | Note
-------+----------+-------------------------------------------
     0 | D:1      | Nattfarinn the Octopode Transmuter began the quest for the
                  | Orb.
     0 | D:1      | Reached XP level 1. HP: 13/13 MP: 3/3
   177 | D:1      | Reached XP level 2. HP: 18/18 MP: 5/5
   252 | D:1      | Found a faded altar of an unknown god.
  1093 | D:2      | Reached XP level 3. HP: 19/23 MP: 6/6
  1441 | D:2      | Learned a level 3 spell: Spider Form
  1831 | D:2      | Reached skill level 4 in Unarmed Combat
  1831 | D:2      | Reached XP level 4. HP: 23/28 MP: 7/7
  2396 | D:3      | Noticed Sigmund
  2418 | D:3      | Noticed Terence
  2456 | D:3      | Slain by Terence

Illustrated notes

Levels and vault maps discovered:
D:1:      dpeg_arrival_renting, layout_loops_ring, basic_ecumenical_altar
D:2:      layout_loops_ring
D:3:      layout_basic, uniq_terence, uniq_sigmund

Skill      XL: |  1  2  3 |
---------------+----------+-----
Unarmed Combat | 4 |  4.3
Fighting       | |  1.0
Dodging        | |  2.0
Spellcasting   | |  2.7
Transmutations | |  2.8

Action                   |  1- 3 |  4- 6 || total
-------------------------+-------+-------++-------
Melee: Unarmed           |    78 |    38 ||   116
       Constrict         |    20 |     7 ||    27
       Tentacles         |    20 |     7 ||    27
       Kick              |     2 |       ||     2
       Punch             |       |     2 ||     2
 Cast: Beastly Appendage |     5 |       ||     5
       Spider Form       |       |     1 ||     1
 Stab: Sleeping          |     5 |     2 ||     7
Armor: Skin              |     7 |     3 ||    10
Dodge: Dodged            |    41 |    12 ||    53
Block: Other             |    12 |    10 ||    22

Table legend: (Time is in decaauts)
 A = Elapsed time spent in this place.
 B = Non-inter-level travel time spent in this place.
 C = Inter-level travel time spent in this place.
 D = Time resting spent in this place.
 E = Time spent auto-exploring this place.
 F = Levels seen in this place.
 G = Mean time per level.
                   A        B        C        D        E       F      G
               +--------+--------+--------+--------+--------+-----+--------+
         Total |   2446 |   2404 |     42 |    441 |   1647 |   3 |  815.3 |
       Dungeon |   2446 |   2404 |     42 |    441 |   1647 |   3 |  815.3 |
               +--------+--------+--------+--------+--------+-----+--------+

Top non-repeatable levels by time:
     D:2: 1456 daAuts
     D:1: 881 daAuts
     D:3: 108 daAuts
